Map: Ever Dream LE

Players

Has

  • Race: Protoss Protoss
  • Spawn Location: 1:00

Nice - Winner!

  • Race: Protoss Protoss
  • Spawn Location: 7:00

Event: DreamHack SC2 Masters 2020 Summer TwHkMoJp

VOD

Have the link to the VOD?

Description

Time

  • Played on: June 28, 2020, 9:08 a.m.
  • Length: 20:31

All games in this series

Show
View Real Time Build Order
Export as new Build Order

Has Protoss 

Build Orders:  

Get SALT Encoding   

  12  0:00  Probe  
  13  0:12  Probe  
  14  0:17  Pylon  
  14  0:22  Probe  
  15  0:31  Probe  
  16  0:37  Gateway  
  16  0:39  Probe  
  16  0:45  Assimilator  
  17  0:51  Probe  
  17  0:54  Assimilator  
  18  1:00  Probe  
  19  1:09  Gateway, Probe  
  19  1:18  Probe  
  20  1:24  Cybernetics Core  
  21  1:29  Pylon  
  21  1:31  Probe  
  22  1:43  Probe  
  23  1:56  Probe  
  23  1:59  Stalker x2  
  23  2:00  Warp Gate  
  28  2:04  Pylon  
  29  2:12  Pylon  
  29  2:13  Probe  
  29  2:26  Probe  
  30  2:33  Adept x2  
  33  2:46  Pylon  
  33  3:02  Nexus  
  34  3:18  Probe  
  34  3:22  Sentry x2  
  34  3:25  Shield Battery  
  36  3:30  Probe  
  37  3:42  Probe  
  35  3:54  Probe  
  34  4:01  Pylon  
  32  4:06  Probe  
  32  4:08  Stalker x2  
  35  4:15  Probe  
  35  4:16  Probe  
  36  4:19  Twilight Council  
  36  4:23  Probe  
  39  4:35  Probe  
  39  4:40  Adept x2  
  40  4:46  Probe  
  40  4:47  Blink  
  40  4:50  Probe  
  41  4:54  Probe  
  41  4:58  Probe  
  42  5:03  Shield Battery, Probe  
  44  5:10  Probe  
  45  5:15  Probe  
  45  5:16  Adept  
  45  5:17  Adept  
  46  5:21  Probe  
  46  5:23  Gateway  
  46  5:25  Probe  
  48  5:29  Probe  
  48  5:33  Probe  
  47  5:39  Adept x2  
  52  5:44  Gateway  
  52  5:48  Shield Battery  
  50  5:55  Shield Battery  
  50  6:00  Stalker x2  
  50  6:03  Gateway  
  54  6:10  Pylon  
  54  6:12  Pylon  
  52  6:26  Stalker  
  52  6:30  Zealot x2  
  52  6:31  Probe x2  
  55  6:41  Stalker  
  55  6:43  Probe  
  50  6:48  Probe  
  50  6:51  Stalker x2  
  50  6:52  Stalker  
  54  6:55  Probe  
  54  7:00  Probe  
  51  7:07  Probe  
  49  7:12  Probe  
  49  7:14  Charge  
  50  7:19  Probe  
  50  7:21  Stalker, Robotics Facility  
  50  7:22  Stalker  
  55  7:26  Probe  
  55  7:28  Assimilator  
  56  7:30  Assimilator  
  56  7:31  Probe  
  57  7:38  Probe  
  58  7:46  Gateway  
  58  7:50  Gateway, Probe  
  60  7:51  Pylon, Probe  
  60  7:53  Sentry  
  62  8:02  Observer  
  62  8:10  Pylon, Probe  
  64  8:14  Pylon, Zealot x3  
  70  8:20  Warp Prism  
  70  8:23  Zealot  
  71  8:34  Nexus  
  71  8:35  Probe  
  71  8:38  Probe  
  73  8:47  Templar Archives  
  73  8:48  Probe  
  74  8:51  Probe  
  74  8:53  Sentry  
  77  9:00  Probe  
  78  9:04  Pylon  
  78  9:09  Zealot x3  
  84  9:10  Zealot  
  84  9:13  Pylon  
  84  9:14  Observer  
  87  9:18  Probe x2  
  89  9:25  High Templar  
  89  9:26  High Templar x2  
  89  9:30  High Templar  
  96  9:31  Archon  
  96  9:37  Archon  
  96  9:40  Probe x2  
  96  9:45  Zealot x2  
  102  9:48  Pylon  
  102  9:49  Pylon  
  100  10:02  Stalker x3  
  100  10:03  Stalker  
  100  10:06  High Templar  
  100  10:07  Zealot  
  110  10:08  Probe x2  
  110  10:09  Probe  
  111  10:16  High Templar  
  111  10:20  Probe  
  111  10:22  Archon  
  112  10:30  Zealot x3  
  112  10:33  Zealot x2  
  120  10:39  Zealot  
  120  10:48  Probe x2  
  120  10:49  Zealot x3  
  115  11:11  High Templar x2  
  115  11:12  Zealot x4  
  115  11:15  Archon  
  115  11:16  Phoenix  
  126  11:21  Probe  
  126  11:22  Probe  
  126  11:23  Pylon  
  129  11:32  Observer  
  128  11:34  Pylon  
  129  11:45  High Templar x2, Zealot x2  
  129  11:46  Zealot x2  
  141  11:50  Archon, Pylon  
  141  12:06  High Templar x2, Zealot x2  
  149  12:10  Pylon  
  149  12:11  Forge  
  149  12:12  Pylon x2  
  149  12:13  Archon  
  147  12:23  Zealot x3  
  147  12:28  Protoss Ground Weapons Level 1  
  151  12:37  Probe x2, Zealot x2  
  136  12:41  Zealot x2  
  136  12:44  Zealot x3  
  129  13:01  Zealot x4  
  128  13:19  Zealot x3  
  107  13:20  Probe x2  
  107  13:25  Zealot x2  
  77  13:42  Probe x2  
  77  13:45  High Templar x3  
  77  13:46  High Templar x3  
  77  13:47  Zealot  
  89  13:49  Archon x2  
  89  13:50  Archon  
  89  13:59  Assimilator  
  89  14:03  Assimilator  
  89  14:11  Adept x2  
  89  14:12  High Templar x2  
  97  14:19  Zealot x3  
  97  14:20  Archon  
  103  14:30  Observer  
  103  14:32  Protoss Ground Weapons Level 2  
  103  14:34  Stalker x2  
  103  14:35  Robotics Bay  
  104  14:39  Photon Cannon  
  104  14:41  Zealot x2  
  104  14:45  Photon Cannon  
  108  14:52  Dark Shrine  
  106  15:06  Probe x2  
  105  15:16  Nexus  
  104  15:22  Disruptor  
  104  15:24  Observer  
  97  15:40  Zealot x2  
  101  15:50  Disruptor  
  104  16:06  Dark Templar  
  106  16:15  Robotics Facility  
  106  16:31  Photon Cannon  
  106  16:33  Disruptor  
  106  16:56  Dark Templar x2  
  106  17:00  Disruptor  
  108  17:06  Nexus  
  105  17:15  Disruptor  
  105  17:21  Archon  
  108  17:24  Shield Battery  
  108  17:29  Protoss Ground Weapons Level 3  
  108  17:34  Disruptor  
  111  17:39  Pylon  
  111  17:51  Probe x2  
  113  18:00  Disruptor  
  116  18:10  Disruptor, Pylon  
  119  18:19  Photon Cannon  
  119  18:20  Stalker x2  
  119  18:21  Stalker x2, Unknown  
  126  18:32  Disruptor  
  126  18:33  Stalker  
  128  18:40  Disruptor  
  94  18:59  Stalker x5  
  94  19:01  Disruptor  
  104  19:03  Stalker  
  109  19:13  Shield Battery  
  109  19:27  Disruptor  
  109  19:31  Stalker x4  
  118  19:45  Probe x2  
Show
View Real Time Build Order
Export as new Build Order

Nice Protoss - Winner!

Build Orders:  

Get SALT Encoding   

  12  0:00  Probe  
  13  0:12  Probe  
  14  0:19  Pylon  
  14  0:24  Probe  
  15  0:34  Probe  
  15  0:37  Gateway  
  15  0:42  Probe  
  16  0:47  Assimilator  
  17  0:52  Assimilator, Probe  
  18  1:01  Probe  
  18  1:09  Gateway, Probe  
  20  1:19  Probe  
  20  1:25  Cybernetics Core  
  21  1:31  Probe  
  22  1:35  Pylon  
  22  1:43  Probe  
  23  1:52  Warp Gate  
  23  1:55  Probe  
  24  2:02  Stalker x2  
  28  2:12  Pylon  
  28  2:32  Stalker x2  
  32  2:53  Nexus  
  32  3:03  Probe  
  33  3:06  Pylon  
  33  3:07  Shield Battery  
  31  3:21  Probe  
  32  3:29  Probe  
  32  3:31  Robotics Facility  
  33  3:37  Shield Battery  
  34  3:47  Stalker x2  
  36  3:59  Probe  
  35  4:08  Warp Prism, Probe  
  36  4:12  Adept x2  
  36  4:17  Probe  
  36  4:20  Probe  
  40  4:29  Probe  
  41  4:33  Sentry x2  
  41  4:34  Probe  
  46  4:41  Probe  
  45  4:46  Probe  
  45  4:47  Immortal  
  50  5:00  Stalker x2  
  50  5:06  Shield Battery  
  52  5:07  Probe  
  52  5:09  Probe  
  51  5:19  Probe  
  51  5:21  Probe  
  52  5:24  Sentry, Stalker  
  56  5:31  Probe  
  56  5:32  Immortal  
  62  5:43  Probe  
  62  5:45  Pylon  
  62  5:56  Twilight Council  
  62  6:01  Pylon  
  62  6:03  Probe x2  
  64  6:05  Adept x2  
  68  6:12  Observer  
  68  6:13  Pylon  
  68  6:15  Probe  
  70  6:19  Probe  
  70  6:23  Shield Battery  
  68  6:28  Adept x2  
  68  6:34  Immortal  
  65  6:49  Stalker x2  
  65  6:53  Blink  
  61  7:02  Probe x2  
  55  7:14  Probe  
  54  7:16  Immortal, Probe  
  54  7:19  Assimilator  
  54  7:20  Pylon  
  55  7:26  Gateway  
  55  7:28  Gateway  
  59  7:30  Probe x2  
  59  7:36  Adept  
  59  7:37  Adept  
  66  7:46  Assimilator  
  65  7:51  Gateway  
  65  7:57  Stalker x2  
  69  8:03  Gateway  
  69  8:12  Warp Prism  
  71  8:20  Sentry  
  71  8:31  Sentry, Forge, Robotics Bay  
  71  8:40  Pylon  
  71  8:54  Charge  
  71  8:55  Observer, Pylon  
  71  8:58  Stalker x2  
  71  8:59  Stalker x2  
  79  9:03  Pylon  
  79  9:06  Observer  
  79  9:13  Dark Shrine  
  79  9:28  Colossus  
  78  9:31  Probe x2  
  78  9:33  Nexus  
  78  9:37  Extended Thermal Lance  
  78  9:38  Protoss Ground Weapons Level 1  
  86  9:50  Pylon  
  86  10:09  Zealot x4  
  94  10:15  Colossus  
  88  10:26  Zealot  
  88  10:27  Zealot  
  98  10:29  Shield Battery  
  98  10:36  Dark Templar  
  98  10:37  Dark Templar  
  102  10:45  Zealot x2  
  102  10:46  Pylon  
  102  11:06  Nexus  
  108  11:16  Dark Templar x2, Zealot  
  114  11:20  Dark Templar  
  114  11:21  Dark Templar, Archon  
  114  11:22  Zealot  
  114  11:35  Probe  
  114  11:36  Probe  
  114  11:38  Pylon  
  114  11:48  Dark Templar x2  
  114  11:49  Zealot x2  
  114  11:51  Archon  
  114  11:52  Archon  
  122  11:57  Zealot x2  
  122  11:58  Probe x2  
  128  12:04  Observer  
  128  12:10  Probe  
  130  12:22  Zealot x6  
  124  12:43  Colossus  
  124  12:44  Zealot x6  
  124  13:16  Zealot x3  
  124  13:17  Zealot x3  
  112  13:26  Colossus  
  63  13:51  Dark Templar x6  
  63  13:52  Protoss Ground Weapons Level 2  
  63  13:55  Gateway, Archon x2  
  75  13:56  Archon  
  75  13:58  Gateway  
  75  14:02  Colossus  
  75  14:03  Assimilator  
  75  14:04  Assimilator  
  75  14:08  Shield Battery  
  75  14:23  Dark Templar  
  83  14:25  Zealot  
  83  14:33  Sentry  
  83  14:35  Photon Cannon  
  85  14:41  Photon Cannon  
  85  14:49  Photon Cannon  
  85  14:54  Observer  
  85  14:59  Zealot x3  
  92  15:19  Stalker x2  
  92  15:20  Stalker x2  
  100  15:27  Warp Prism  
  100  15:28  Dark Templar x2  
  98  15:52  Templar Archives  
  98  16:08  Stargate  
  98  16:09  Nexus  
  98  16:12  Pylon  
  98  16:14  Stargate  
  98  16:18  Immortal  
  98  16:22  Protoss Ground Weapons Level 3  
  102  16:26  Probe x2  
  104  16:36  Unknown  
  104  16:37  Dark Templar  
  104  16:38  Probe  
  107  16:44  Phoenix  
  106  16:50  Gravitic Boosters  
  107  16:57  Phoenix  
  109  17:03  Phoenix  
  109  17:06  Zealot x2  
  113  17:10  Archon  
  113  17:14  Phoenix  
  113  17:17  Photon Cannon  
  113  17:18  Shield Battery  
  113  17:21  Phoenix  
  113  17:29  Phoenix  
  116  17:37  Dark Templar  
  116  17:40  Phoenix  
  120  17:45  Probe x2  
  120  17:46  Probe x2  
  120  17:49  High Templar x2  
  128  17:54  Archon  
  128  17:56  Sentry, Zealot x2  
  134  18:02  Phoenix  
  136  18:11  Dark Templar  
  136  18:20  Probe x4  
  136  18:25  Dark Templar  
  142  18:27  Dark Templar  
  142  18:31  Archon  
  142  18:32  Phoenix, Probe  
  141  18:45  Colossus, Phoenix  
  127  18:49  Phoenix  
  131  19:04  Probe  
  131  19:06  Zealot  
  131  19:07  Zealot x7  
  131  19:08  Phoenix  
  148  19:14  Phoenix  
  142  19:33  Phoenix  
  142  19:34  Stalker  
  142  19:35  Stalker x2  
  146  19:39  Phoenix  
  146  19:51  Zealot x2  
  146  19:52  Zealot x3  
  144  20:03  Phoenix  
  144  20:04  Phoenix  
Tags
 
Add a new tag
Caveats
  • Supply blocks, unpowered buildings, or Contaminate may cause inaccurate times.
  • Supply counts are checked every 10 seconds.